 Dungeon Crawl Stone Soup version 0.29-a0-350-g7790a0e70a (webtiles) character file.

Game seed: 10960418490123839730

98 rabbitsville the Skirmisher (level 4, -3/39 HPs)
             Began as a Palentonga Fighter on Apr 22, 2022.
             Succumbed to Sigmund's poison
             ... on level 2 of the Dungeon.
             The game lasted 00:06:45 (1912 turns).

rabbitsville the Skirmisher (Palentonga Fighter)    Turns: 1912, Time: 00:06:45

Health: -3/39      AC:  7    Str: 21    XL:     4   Next: 43%
Magic:  4/4        EV:  7    Int:  8    God:
Gold:   122        SH:  4    Dex: 10    Spells: 3/3 levels left

rFire   . . .      SeeInvis +   a - +0 whip (pain)
rCold   . . .      Faith    .   c - +0 buckler
rNeg    . . .      Spirit   .   b - +0 scale mail
rPois   .          Reflect  .   (no helmet)
rElec   .          Harm     .   g - +0 cloak
rCorr   .          Rampage  .   (no gloves)
Will    .....                   (no barding)
Stlth   ..........              (no amulet)
HPRegen 0.13/turn               (no ring)
MPRegen 0.09/turn               (no ring)

@: lethally poisoned (-3 -> -25)
A: large, rugged brown scales 3, see invisible, deformed body, roll 1, armoured
tail
a: Rolling Charge


You were on level 2 of the Dungeon.
You visited 1 branch of the dungeon, and saw 2 of its levels.

You collected 122 gold pieces.

Inventory:

Hand Weapons
 a - a +0 whip of pain (weapon)
Armour
 b - a +0 scale mail (worn)
 c - a +0 buckler (worn)
 g - a +0 cloak (worn)
Scrolls
 e - 4 scrolls of identify
 f - a scroll of immolation
Potions
 d - a potion of might


   Skills:
 + Level 4.0 Fighting
 - Level 3.0 Long Blades
 * Level 1.9 Maces & Flails
 - Level 2.4 Armour
 - Level 2.4 Shields
 + Level 0.4 Necromancy


You had 3 spell levels left.
You didn't know any spells.
Your spell library contained the following spells:

 Spells                   Type           Power      Damage    Failure   Level
 Sandblast                Erth           0%         2d4       83%         1
 Sting                    Tmut/Pois      0%         1d3       83%         1
 Passwall                 Tmut/Erth      0%         N/A       92%         2
 Poisonous Vapours        Pois/Air       0%         N/A       92%         2
 Stone Arrow              Conj/Erth      0%         3d7       99%         3
 Olgreb's Toxic Radiance  Pois           0%         N/A       100%        4


Dungeon Overview and Level Annotations

Branches:
Dungeon (2/15)

Altars:

Annotations:
D:2 Sigmund


Innate Abilities, Weirdness & Mutations

You are completely covered in rugged brown scales. (AC +3, +7% HP)
You have supernaturally acute eyesight. (SInv)
Armour fits poorly on your strangely shaped body.
You can roll at nearby foes to attack.
You have a long armoured tail.


Message History

You hit Sigmund but do no damage.
Sigmund is heavily wounded.
Sigmund gestures at you while chanting. The puff of flame misses you.
You hit Sigmund but do no damage.
Sigmund is heavily wounded.
Sigmund completely misses you.
You barely miss Sigmund.
Sigmund is heavily wounded.
Sigmund hits you but does no damage.
You are poisoned.
You hit Sigmund but do no damage.
Sigmund is heavily wounded.
You feel very sick.
You hit Sigmund.
Sigmund is heavily wounded.
You feel sick.
Sigmund gestures wildly while chanting.
Sigmund flickers and vanishes for a moment.
You closely miss Sigmund.
Sigmund is heavily wounded.
You feel sick. Sigmund hits you but does no damage.
You are more poisoned.
You barely miss Sigmund. You tail-slap Sigmund!
Sigmund is severely wounded.
You feel very sick.
Sigmund screams, "Die, monster!"
Sigmund hits you with a +1 scythe of venom!
* * * LOW HITPOINT WARNING * * *
You are more poisoned.
Okay, then.
As you read the scroll labelled FEELIRCHIVO, it crumbles to dust.
The creatures around you are filled with an inner flame!
It was a scroll of immolation.
* * * LOW HITPOINT WARNING * * *
You feel very sick.
As you read the scroll labelled XAGUSH QOEWKY, it crumbles to dust.
It is a scroll of identify.
You don't have any unidentified items.
You die...

..####....# #.#
....).)#..#.....##.#
######<#..#.....##.#
#.#..#.....##)#
#.#..#.....##)# #.#
.#.....##.#
#.##.#.....##.####
#.........@##....#
#.#........@.....#
.....#######.....#
...........#
#######....# #....#
#.#### #.# #.# ..#


You could see Sigmund (inner flame, invisible).

Vanquished Creatures
  An adder (D:2)
  4 gnolls (D:2)
  A worm (D:2)
  2 dart slugs (D:1)
  5 ball pythons
  5 bats
  2 goblins (D:1)
  6 hobgoblins
  2 jackals (D:1)
  7 kobolds
  A quokka (D:1)
  8 rats
44 creatures vanquished.

Notes
Turn   | Place    | Note
-------+----------+-------------------------------------------
     0 | D:1      | rabbitsville the Palentonga Fighter began the quest for the
                  | Orb.
     0 | D:1      | Reached XP level 1. HP: 19/19 MP: 1/1
   232 | D:1      | Found a faded altar of an unknown god.
   276 | D:1      | Reached XP level 2. HP: 25/25 MP: 2/2
   708 | D:1      | Reached XP level 3. HP: 7/31 MP: 3/3
  1646 | D:2      | Reached skill level 1 in Maces & Flails
  1783 | D:2      | Reached skill level 4 in Fighting
  1783 | D:2      | Reached XP level 4. HP: 31/39 MP: 4/4
  1888 | D:2      | Noticed Sigmund
  1912 | D:2      | Succumbed to Sigmund's poison

Illustrated notes

Levels and vault maps discovered:
D:1:      matt_arrival_spirals, layout_basic, serial_forest,
          infiniplex_forest_straight_2, infiniplex_forest_clump_large,
          infiniplex_forest_end_1, infiniplex_forest_zigzag_1,
          infiniplex_forest_clump_diagonal, ebering_ecumenical_altar_mist
D:2:      minmay_razor_zed, layout_rooms, kennysheep_generic_room_8,
          uniq_sigmund

Skill      XL: |  1  2  3 |
---------------+----------+-----
Long Blades    | 3 |  3.0
Maces & Flails | 1 |  1.9
Fighting       | 4 |  4.0
Armour         | |  2.4
Shields        | |  2.4
Necromancy     | |  0.4

Action                   |  1- 3 |  4- 6 || total
-------------------------+-------+-------++-------
Melee: Long sword        |   108 |       ||   108
       Tailslap          |    15 |     3 ||    18
       Whip              |    34 |    44 ||    78
 Abil: Rolling Charge    |    26 |     3 ||    29
  Use: Scroll            |       |     2 ||     2
Armor: Scale mail        |    94 |    15 ||   109
Dodge: Dodged            |    66 |     9 ||    75
Block: Buckler           |    40 |     8 ||    48

Table legend: (Time is in decaauts)
 A = Elapsed time spent in this place.
 B = Non-inter-level travel time spent in this place.
 C = Inter-level travel time spent in this place.
 D = Time resting spent in this place.
 E = Time spent auto-exploring this place.
 F = Levels seen in this place.
 G = Mean time per level.
                   A        B        C        D        E       F      G
               +--------+--------+--------+--------+--------+-----+--------+
         Total |   1952 |   1815 |    137 |    221 |   1158 |   2 |  976.0 |
       Dungeon |   1952 |   1815 |    137 |    221 |   1158 |   2 |  976.0 |
               +--------+--------+--------+--------+--------+-----+--------+

Top non-repeatable levels by time:
     D:1: 1435 daAuts
     D:2: 517 daAuts
